 Dungeon Crawl Stone Soup version 0.30-a0-341-g682706514a (webtiles) character file.

Game seed: 2870995361273307389

984 MackTheKnife the Martial Artist (level 7, -2/39 (52) HPs)
             Began as a Demonspawn Monk on Nov 1, 2022.
             Was a Believer of Ashenzari.
             Slain by Duvessa
             ... wielding a +0 short sword
              (6 damage)
             ... on level 4 of the Dungeon.
             The game lasted 00:09:16 (3860 turns).

MackTheKnife the Martial Artist (Demonspawn Monk)   Turns: 3860, Time: 00:09:16

HP:   -2/39 (52)    AC: 10    Str: 16    XL:     7   Next: 97%
MP:   7/7           EV: 11    Int: 10    God:    Ashenzari [**....]
Gold: 105           SH:  0    Dex: 18    Spells: 6/6 levels left

rFire   . . .      SeeInvis +      - Unarmed
rCold   . . .      Faith    .    (no shield)
rNeg    . . .      Spirit   .    j - +0 ring mail
rPois   .          Reflect  .    o - -2 helmet of a Labyrinth {Dex+2}
rElec   .          Harm     .    (no cloak)
rCorr   .          Rampage  .    c - +0 pair of gloves "Shackled Foul Odours" {Evo, Fort} (curse)
Will    +....                    t - +2 pair of boots "I Foresaw This" {Fort, Evo} (curse)
Stlth   +.........               (no amulet)
HPRegen 0.26/turn                r - ring of Ashenzari's Nihilism {Will+, Evo, Bglg} (curse)
MPRegen 0.10/turn                (no ring)

@: very heavily drained
A: claws 1, yellow scales 1, powered by death 2, talons 1, strong 1
a: Renounce Religion, Shatter the Chains


You were on level 4 of the Dungeon.
You worshipped Ashenzari.
Ashenzari was pleased with you.
You visited 1 branch of the dungeon, and saw 5 of its levels.

You collected 105 gold pieces.

Inventory:

Hand Weapons
 f - a +2 dagger of draining
   (You took it off a kobold on level 1 of the Dungeon)
 l - a +3 hand axe
   (You found it on level 2 of the Dungeon)
Armour
 c - the cursed +0 pair of gloves "Shackled Foul Odours" (worn) {Evo, Fort}
   (You found it on level 1 of the Dungeon)

   It has a curse which improves the following skills: Evocations: Evocations.
   Fortitude: Armour and Shields.
 j - a +0 ring mail (worn)
   (You found it on level 2 of the Dungeon)
 n - a +1 pair of gloves
   (You found it on level 2 of the Dungeon)
 o - the -2 helmet of a Labyrinth (worn) {Dex+2}
   (You found it on level 2 of the Dungeon)

   Dex:       It affects your dexterity (+2).
 t - the cursed +2 pair of boots "I Foresaw This" (worn) {Fort, Evo}
   (You found it on level 3 of the Dungeon)

   It has a curse which improves the following skills: Fortitude: Armour and
   Shields.
   Evocations: Evocations.
Magical Staves
 v - a staff of death {rN+}
   (You found it on level 4 of the Dungeon)
Jewellery
 r - the cursed ring of Ashenzari's Nihilism (left hand) {Will+, Evo, Bglg}
   (You found it on level 3 of the Dungeon)

   [ring of willpower]

   Will:      It increases your willpower.
   It has a curse which improves the following skills: Evocations: Evocations.
   Beguiling: Conjurations, Hexes and Translocations.
Scrolls
 a - 2 scrolls of poison {!r}
 e - 3 scrolls of immolation {!r}
 k - a scroll of magic mapping {!r}
Potions
 b - a potion of ambrosia
 w - 2 potions of curing


   Skills:
 + Level 3.1 Fighting
 + Level 0.5(1.3) Armour
 - Level 2.6 Dodging
 - Level 1.7 Stealth
 + Level 8.8 Unarmed Combat


You had 6 spell levels left.
You didn't know any spells.
Your spell library contained the following spells:

 Spells                   Type           Power      Damage    Failure   Level
 Shock                    Conj/Air       0%         1d3       58%         1
 Swiftness                Air            0%         N/A       91%         3
 Airstrike                Air            0%         2d(0-16)  100%        4


Dungeon Overview and Level Annotations

Branches:
Dungeon (5/15)
 Temple: D:4-7

Altars:
Ashenzari
Hepliaklqana
Makhleb

Annotations:
D:2 1 runed translucent door, Crazy Yiuf
D:4 Dowan, Duvessa, Edmund


Innate Abilities, Weirdness & Mutations

You have sharp fingernails.
You are partially covered in yellow scales. (AC +2)
You regenerate health from kills.
You have sharp toenails.
Your muscles are strong. (Str +4, Int/Dex -1)


Message History

Level annotation: Dowan, Duvessa Duvessa misses you.
Duvessa closely misses you.
There is a stone staircase leading up, spattered with blood here.
You hit Duvessa. The iguana completely misses you.
Duvessa hits you but does no damage.
You hit Duvessa but do no damage. Duvessa hits you with a +0 short sword.
The iguana hisses menacingly.
The iguana bites you but does no damage.
You climb upwards.
Level annotation: Edmund
There is a stone staircase leading down here.
You take 3 damage, and have 35/38 hp.
You hit the iguana. The iguana bites you!
You take 8 damage, and have 27/38 hp.
MASSIVE DAMAGE!!
You hit the iguana.
The iguana bites you but does no damage.
You punch the iguana!
You kill the iguana!
You regained 2 hp, and now have 30/39 hp.
No target in view!
No target in view!
You start resting.
Health restored: 39 You climb downwards.
Level annotation: Dowan, Duvessa Duvessa hits you with a +0 short sword. x2
Dowan's robes are whipped around by a magical breeze.
Dowan gestures at Duvessa while chanting.
Duvessa seems to speed up.
There is a stone staircase leading up, spattered with blood here.
You take 10 damage, and have 29/39 hp.
MASSIVE DAMAGE!!
You hit Duvessa. Duvessa barely misses you.
You barely miss Duvessa. Duvessa hits you with a +0 short sword.
Duvessa hits you but does no damage.
You take 2 damage, and have 27/39 hp.
Unknown command.
You miss Dowan. Duvessa hits you with a +0 short sword.
You take 3 damage, and have 24/39 hp.
Dowan says, "Stay away from my face!"
Dowan hits you but does no damage. Duvessa hits you but does no damage.
You climb upwards.
Level annotation: Edmund
There is a stone staircase leading down here.
Okay, then.
Okay, then.
Duvessa attacks as you move away! Duvessa hits you with a +0 short sword.
Dowan attacks as you move away! Dowan misses you.
Dowan gestures wildly while chanting.
Dowan blinks!
Duvessa hits you with a +0 short sword.
You see here an iguana corpse.
You take 3 damage, and have 22/39 hp.
Dowan gestures at you while chanting. The puff of frost hits you.
You take 1 damage, and have 21/39 hp.
Unknown command.
Duvessa attacks as you move away! Duvessa hits you with a +0 short sword.
Duvessa hits you with a +0 short sword!
You take 8 damage, and have 13/39 hp.
MASSIVE DAMAGE!!
Okay, then.
Okay, then.
There is an open door here.
You aren't carrying any items that you can evoke.
Unknown command.
Duvessa hits you with a +0 short sword.
* * * LOW HITPOINT WARNING * * *
You take 2 damage, and have 11/39 hp.
Duvessa hits you but does no damage.
Dowan gestures wildly while chanting.
Dowan blinks!
Duvessa barely misses you. Duvessa attacks as you move away!
Duvessa hits you with a +0 short sword.
* * * LOW HITPOINT WARNING * * *
Duvessa says, "When magic and the sword combine, nothing stands against them."
You take 1 damage, and have 11/39 hp.
Unknown command.
Duvessa attacks as you move away! Duvessa hits you with a +0 short sword.
* * * LOW HITPOINT WARNING * * *
Duvessa closely misses you.
You take 2 damage, and have 9/39 hp.
Duvessa closely misses you.
Things that are here:
a +0 club; a +0 sling Duvessa attacks as you move away!
Duvessa hits you with a +0 short sword.
* * * LOW HITPOINT WARNING * * *
You take 3 damage, and have 7/39 hp.
Duvessa attacks as you move away! Duvessa misses you.
Duvessa closely misses you.
Duvessa says, "Practise, practise, practise!
One day you'll be as good as me." Duvessa hits you but does no damage.
Duvessa hits you with a +0 short sword.
* * * LOW HITPOINT WARNING * * *
You take 5 damage, and have 3/39 hp.
Unknown command.
Duvessa hits you but does no damage. Duvessa attacks as you move away!
Duvessa hits you with a +0 short sword.
You die...

..............#........#
..............#.......)#
.####.e.####..##..########
.####.(@####..###'###.#..#
.#.......@...............#
.#............)..........#
.###..######..###..##....#
.###..######..###..##....#
...#...#.......e@.......########
...#...#................##.....#
####..##..####'######..........#
..##..##..###..##..##..........#
..#.........#...#...#).........#
..))........#...#...'.<........#
...#..#..#.###.##..##..........#
'#########+###.######..........#
..# #......................#


You could see Duvessa (fast).

Vanquished Creatures
  Grinder (D:3)
  A black bear (D:4)
  An ogre (D:4)
  2 phantoms (D:4)
  A scorpion (D:4)
  A hound (D:4)
  4 orc wizards
  Natasha (thrice) (D:4)
  An iguana (D:4)
  4 gnolls (D:4)
  3 adders
  2 worms (D:2)
  3 dart slugs
  9 orcs
  6 endoplasms
  3 giant cockroaches
  8 goblins
  5 hobgoblins
  10 jackals
  7 kobolds
  2 quokkas
  9 ball pythons
  6 bats
  4 rats
96 creatures vanquished.

Notes
Turn   | Place    | Note
-------+----------+-------------------------------------------
     0 | D:1      | MackTheKnife the Demonspawn Monk began the quest for the
                  | Orb.
     0 | D:1      | Reached XP level 1. HP: 18/18 MP: 1/1
    27 | D:1      | Reached skill level 3 in Unarmed Combat
    77 | D:1      | Gained mutation: You regenerate a little health from kills.
                  | [demonic ancestry]
    77 | D:1      | Reached XP level 2. HP: 24/24 MP: 2/2
   388 | D:1      | Reached XP level 3. HP: 29/29 MP: 3/3
   587 | D:1      | Reached skill level 4 in Unarmed Combat
   750 | D:2      | Found a faded altar of an unknown god.
   762 | D:2      | Prayed at the altar of an unknown god.
   762 | D:2      | Became a worshipper of Ashenzari the Shackled
  1189 | D:2      | Gained mutation: You are partially covered in yellow
                  | scales. (AC +2) [demonic ancestry]
  1189 | D:2      | Reached XP level 4. HP: 35/35 MP: 4/4
  1191 | D:2      | Identified the -2 helmet of a Labyrinth {Dex+2}
  1374 | D:2      | Found a runed translucent door.
  1375 | D:2      | Noticed Crazy Yiuf
  1888 | D:3      | Gained mutation: Your muscles are strong. (Str +4, Int/Dex
                  | -1) [potion of mutation]
  1888 | D:3      | Gained mutation: You occasionally lose the ability to read
                  | scrolls when taking damage. [potion of mutation]
  1888 | D:3      | Gained mutation: Your system is resistant to poisons.
                  | (rPois) [potion of mutation]
  1935 | D:3      | Noticed Grinder
  1936 | D:3      | Paralysed by Grinder for 4 turns
  1949 | D:3      | Paralysed by Grinder for 4 turns
  1958 | D:3      | Reached skill level 5 in Unarmed Combat
  1965 | D:3      | Killed Grinder
  1966 | D:3      | Reached skill level 6 in Unarmed Combat
  1966 | D:3      | Gained mutation: You have sharp fingernails. [demonic
                  | ancestry]
  1966 | D:3      | Reached XP level 5. HP: 30/41 MP: 5/5
  1966 | D:3      | Reached XP level 6. HP: 35/47 MP: 6/6
  1979 | D:3      | Identified the cursed +0 pair of gloves "Shackled Foul
                  | Odours" {Evo, Fort} (You found it on level 1 of the
                  | Dungeon)
  2290 | D:3      | Reached * piety under Ashenzari
  2619 | D:4      | Noticed Natasha
  2627 | D:4      | Killed Natasha
  2796 | D:4      | Reached skill level 7 in Unarmed Combat
  2853 | D:5      | Entered Level 5 of the Dungeon
  2853 | D:5      | Found a burning altar of Makhleb.
  2947 | D:5      | Noticed Duvessa
  3010 | D:4      | Gained mutation: You regenerate health from kills. [demonic
                  | ancestry]
  3010 | D:4      | Reached XP level 7. HP: 48/52 MP: 7/7
  3179 | D:4      | Noticed Natasha
  3187 | D:4      | Killed Natasha
  3249 | D:4      | Found a hazy altar of Hepliaklqana.
  3385 | D:4      | Noticed Natasha
  3390 | D:4      | Killed Natasha
  3393 | D:4      | Lost mutation: You occasionally lose the ability to read
                  | scrolls when taking damage. [potion of mutation]
  3393 | D:4      | Lost mutation: Your system is resistant to poisons. (rPois)
                  | [potion of mutation]
  3393 | D:4      | Gained mutation: You have sharp toenails. [potion of
                  | mutation]
  3446 | D:4      | Reached skill level 8 in Unarmed Combat
  3547 | D:5      | Noticed Edmund
  3575 | D:4      | HP: 7/40 [Edmund/+0 flail of draining (7)]
  3757 | D:4      | Reached ** piety under Ashenzari
  3793 | D:5      | Noticed Dowan
  3847 | D:4      | HP: 9/39 [Duvessa/+0 short sword (2)]
  3852 | D:4      | HP: 7/39 [Duvessa/+0 short sword (3)]
  3857 | D:4      | HP: 3/39 [Duvessa/+0 short sword (5)]
  3860 | D:4      | Slain by Duvessa

Illustrated notes

Levels and vault maps discovered:
D:1:      sevenhm_arrival_forest_fort_small_4, layout_loops_ring
D:2:      layout_loops_ring, ebering_ecumenical_altar_mist,
          uniq_crazy_yiuf_cottage
D:3:      layout_basic, uniq_grinder
D:4:      layout_gridville, mainiacjoe_overflow_alcove_2, chequers_garden,
          chequers_serial_rivers_large_a, uniq_natasha
D:5:      layout_rooms, mainiacjoe_overflow_cross_hatched, bloody_makhleb,
          tgw_trog, uniq_edmund, uniq_duvessa

Skill      XL: |  1  2  3  4  5  6  7 |
---------------+----------------------+-----
Unarmed Combat | 3 4 6 7 8 |  8.8
Fighting       | |  3.1
Armour         | |  0.5
Dodging        | |  2.6
Stealth        | |  1.7

Action                   |  1- 3 |  4- 6 |  7- 9 || total
-------------------------+-------+-------+-------++-------
Melee: Unarmed           |   162 |   164 |    92 ||   418
       Punch             |     6 |     6 |    10 ||    22
Invok: Curse Item        |     1 |     1 |     1 ||     3
  Use: Scroll            |       |     5 |     1 ||     6
       Potion            |       |     2 |     2 ||     4
 Stab: Sleeping          |    11 |     2 |       ||    13
       Distracted        |       |     1 |       ||     1
       Invisible         |       |       |     1 ||     1
Armor: Robe              |    18 |       |       ||    18
       Ring mail         |    40 |    82 |    43 ||   165
       Skin              |       |     7 |       ||     7
Dodge: Dodged            |    87 |    81 |    66 ||   234

Table legend: (Time is in decaauts)
 A = Elapsed time spent in this place.
 B = Non-inter-level travel time spent in this place.
 C = Inter-level travel time spent in this place.
 D = Time resting spent in this place.
 E = Time spent auto-exploring this place.
 F = Levels seen in this place.
 G = Mean time per level.
                   A        B        C        D        E       F      G
               +--------+--------+--------+--------+--------+-----+--------+
         Total |   3841 |   3638 |    203 |    418 |   2330 |   5 |  768.2 |
       Dungeon |   3841 |   3638 |    203 |    418 |   2330 |   5 |  768.2 |
               +--------+--------+--------+--------+--------+-----+--------+

Top non-repeatable levels by time:
     D:4: 1156 daAuts
     D:2: 977 daAuts
     D:3: 871 daAuts
     D:1: 683 daAuts
     D:5: 152 daAuts

Table legend:
 A = Kills in this place as a percentage of kills in entire the game.
 B = Kills by you in this place as a percentage of kills by you in the entire game.
 C = Kills by friends in this place as a percentage of kills by friends in the entire game.
 D = Other kills in this place as a percentage of other kills in the entire game.
 E = Experience gained in this place as a percentage of experience gained in the entire game.
 F = Experience gained in this place divided by the number of levels of this place that you have seen.
                   A       B       C       D       E      F
               +-------+-------+-------+-------+-------+----------------------
         Total | 100.0 | 100.0 |   N/A |   N/A | 100.0 | 281.2
       Dungeon | 100.0 | 100.0 |   N/A |   N/A | 100.0 | 281.2
               +-------+-------+-------+-------+-------+----------------------
